 Dungeon Crawl Stone Soup version 0.28-a0-622-gbaef9634d7 (webtiles) character file.

Game seed: 8663939313470189594

753 Irenicus the Geomancer (level 7, -2/55 HPs)
             Began as a Deep Dwarf Earth Elementalist on Oct 7, 2021.
             Slain by a gnoll sergeant (12 damage)
             ... on level 5 of the Dungeon.
             The game lasted 00:16:28 (1920 turns).

Irenicus the Geomancer (DDEE)                       Turns: 1920, Time: 00:16:29

Health: -2/55      AC:  7    Str: 11    XL:     7   Next: 49%
Magic:  2/8        EV: 11    Int: 18    God:
Gold:   140        SH:  0    Dex: 13    Spells: 6/9 levels left

rFire   . . .      SeeInvis .   g - +2 short sword (venom)
rCold   + . .      Faith    .   (no shield)
rNeg    + . .      Spirit   .   b - +1 leather armour {rC+}
rPois   .          Reflect  .   p - +2 helmet
rElec   .          Harm     .   (no cloak)
rCorr   .          Rampage  .   (no gloves)
Will    +....                   (no boots)
Stlth   ++........              (no amulet)
HPRegen 0.00/turn               N - ring of positive energy
MPRegen 0.11/turn               (no ring)

@: brilliant
A: damage resistance, heal wounds, sense surroundings 1, no regeneration
a: Heal Wounds


You were on level 5 of the Dungeon.
You visited 1 branch of the dungeon, and saw 5 of its levels.

You collected 140 gold pieces.


Innate Abilities, Weirdness & Mutations

You are resistant to damage.
You can heal yourself by infusing magical energy.
You passively map a small area around you.
You do not regenerate.


   Skills:
 - Level 2.1 Dodging
 - Level 2.4 Stealth
 - Level 1.7 Spellcasting
 - Level 0.8 Transmutations
 + Level 11.6 Earth Magic


You had 6 spell levels left.
You knew the following spells:

 Your Spells              Type           Power      Damage    Failure   Level
w - Passwall              Tmut/Erth      30%        N/A       2%          2
z - Sandblast             Erth           100%       2d20      1%          1

Your spell library contained the following spells:

 Spells                   Type           Power      Damage    Failure   Level
 Stone Arrow              Conj/Erth      66%        3d11      7%          3
 Petrify                  Tmut/Erth      36%        N/A       19%         4
 Summon Small Mammal      Summ           8%         N/A       24%         1
 Call Canine Familiar     Summ           2%         N/A       58%         3
 Summon Guardian Golem    Hex/Summ       2%         N/A       58%         3

Inventory:

Hand Weapons
 g - a +2 short sword of venom (weapon)
 l - a +2 vorpal dagger
Missiles
 a - 5 poisoned darts
 c - 53 stones
Armour
 b - a +1 leather armour of cold resistance (worn)
 p - a +2 helmet (worn)
Jewellery
 o - an amulet of faith {!P}
 N - a ring of positive energy (left hand)
Wands
 f - a wand of flame (23)
Scrolls
 e - a scroll of enchant armour
Potions
 d - a potion of curing {@q1}

Dungeon Overview and Level Annotations

Branches:
Dungeon (5/15)
 Temple: D:4-7

Altars:
Ashenzari
Trog
Xom

Shops:
D:4 :

Annotations:
D:5 1 transporter, Soel's ghost, novice GrEE

≈≈≈≈≈≈...≈≈≈≈≈≈≈≈≈≈≈..#
≈≈≈≈≈≈...≈≈≈≈≈≈≈≈≈≈≈..#
▒▒...........▒▒▒▒▒≈≈..#
.▒.▒▒▒.©.▒▒▒.▒g8g▒≈≈..# ▒ ▒
▒▒▒▒▒.▒▒▒.g.▒≈≈..## ,
.........▒▒▒≈≈.... ≈ *
▒▒▒▒▒▒g▒▒▒'▒▒.▒8.≈≈.##. ≈
,▒▒.▒.$?▒8.P▒P.P▒.▒▒.≈≈..#. ,
. '..:▒⌠@)gg..'..▒.≈≈..#. ≈
▒.▒..g▒8.P▒P.P▒.▒▒.≈≈.... ≈≈
8 .▒▒▒▒▒▒g▒▒▒'▒▒.▒8.≈≈....
≈▒▒*,......Wg$.....▒▒▒≈≈....
≈▒.. ▒▒▒g▒▒▒▒▒g▒▒▒..g▒≈≈....
≈▒.8.▒.▒▒▒.©.▒▒▒.▒.8g▒≈≈..##
* ▒▒...........▒▒▒▒▒≈≈....
≈≈≈≈≈≈≈≈≈≈≈≈≈≈≈≈≈≈≈≈≈≈≈≈≈.###
≈≈≈≈≈≈≈≈≈≈≈≈≈≈≈≈≈≈≈≈≈≈≈≈≈.#


You could see 2 gnoll sergeants, Soel's ghost and 3 gnolls.


Message History

* * * LOW HITPOINT WARNING * * *
The gnoll sergeant freezes you.
Casting: Sandblast (safe; 1% risk of failure)
Confirm with . or Enter, or press ? or * to list all spells.
Aiming: Sandblast (safe; 1% risk of failure)
Press: ? - help, Shift-Dir - straight line, f/p - gnoll sergeant
Aim: a gnoll sergeant, wielding a +2 trident of freezing and wearing a +0 scale mail (severely wounded, 87% to hit)
The blast of sand hits the gnoll sergeant.
The gnoll sergeant is almost dead.
Soel's ghost (novice Gargoyle Earth Elementalist) comes into view.
The gnoll sergeant hits you from afar with a +2 trident of freezing.
* * * LOW HITPOINT WARNING * * *
The gnoll sergeant freezes you.
You feel clever all of a sudden. The gnoll sergeant closely misses you.
Casting: Sandblast (safe; 1% risk of failure)
Confirm with . or Enter, or press ? or * to list all spells.
Okay, then.
Okay, then.
As you read the scroll labelled WUIGIU YNEPOA, it crumbles to dust.
It is a scroll of enchant weapon.
Your +1 short sword of venom glows red for a moment.
The gnoll misses you.
The gnoll sergeant hits you from afar with a +2 trident of freezing!
* * * LOW HITPOINT WARNING * * *
The gnoll sergeant freezes you.
The gnoll hits the plant with a +0 spear!
The plant begins to die.
The gnoll sergeant hits you from afar with a +2 spear of chaos!
You die...

Skill      XL: |  1  2  3  4  5  6  7 |
---------------+----------------------+-----
Earth Magic    | 5 8 9 10 11 | 11.6
Dodging        | |  2.1
Stealth        | |  2.4
Spellcasting   | |  1.7
Transmutations | |  0.8

Action                   |  1- 3 |  4- 6 |  7- 9 || total
-------------------------+-------+-------+-------++-------
Melee: Unarmed           |    20 |       |       ||    20
       Dagger            |     4 |    32 |       ||    36
       Short sword       |       |    11 |     8 ||    19
Throw: Dart              |    13 |       |       ||    13
 Cast: Sandblast         |    38 |    62 |    13 ||   113
       Passwall          |     1 |    11 |       ||    12
 Abil: Heal Wounds       |       |     1 |       ||     1
Evoke: Wand              |       |     3 |       ||     3
  Use: Scroll            |     2 |     7 |     1 ||    10
       Potion            |     1 |     5 |     1 ||     7
 Stab: Sleeping          |     2 |     2 |       ||     4
Armor: Leather armour    |     8 |    24 |     7 ||    39
Dodge: Dodged            |    28 |    26 |    10 ||    64

Levels and vault maps discovered:
D:1:      beargit_arrival_diablo_church, layout_basic,
          chequers_ecumenical_altar_simple_redux,
          corexii_item_surrounded_by_moat, minmay_close_crescents
D:2:      wad_pebble_path, layout_rooms, grunt_ministairs_4, uniq_sigmund
D:3:      kennysheep_big_flooded_room, layout_rooms,
          nicolae_overflow_hidden_temple
D:4:      layout_basic, serial_shops, kennysheep_mini_moat,
          minmay_crystal_water, minmay_misc_feat_cross, uniq_edmund,
          uniq_blork_the_orc
D:5:      layout_loops_ring, gammafunk_ghost_gnarly_gnolls

Notes
Turn   | Place    | Note
-------+----------+-------------------------------------------
     0 | D:1      | Irenicus the Deep Dwarf Earth Elementalist began the quest
                  | for the Orb.
     0 | D:1      | Reached XP level 1. HP: 15/15 MP: 3/3
   190 | D:1      | Reached XP level 2. HP: 22/22 MP: 2/4
   235 | D:1      | Reached skill level 5 in Earth Magic
   420 | D:1      | Found a faded altar of an unknown god.
   533 | D:2      | Reached XP level 3. HP: 24/28 MP: 0/5
   638 | D:2      | Learned a level 2 spell: Passwall
   646 | D:2      | Noticed Sigmund
   666 | D:2      | Killed Sigmund
   667 | D:2      | Reached skill level 8 in Earth Magic
   667 | D:2      | Reached XP level 4. HP: 28/36 MP: 4/6
   667 | D:2      | Reached XP level 5. HP: 33/42 MP: 4/7
   884 | D:3      | Found a bloodstained altar of Trog.
  1025 | D:3      | Found a shimmering altar of Xom.
  1032 | D:3      | Found a broken altar of Ashenzari.
  1078 | D:3      | Reached skill level 9 in Earth Magic
  1078 | D:3      | Reached XP level 6. HP: 36/49 MP: 4/8
  1360 | D:4      | Found Ysheguyr's Book Emporium.
  1479 | D:4      | Noticed Blork the orc
  1501 | D:4      | Identified a potion of resistance
  1514 | D:4      | Killed Blork the orc
  1677 | D:4      | Reached skill level 10 in Earth Magic
  1690 | D:4      | Noticed Edmund
  1724 | D:4      | Killed Edmund
  1725 | D:4      | Reached XP level 7. HP: 44/55 MP: 3/8
  1749 | D:5      | Entered Level 5 of the Dungeon
  1803 | D:5      | Reached skill level 11 in Earth Magic
  1839 | D:5      | Found a transporter.
  1901 | D:5      | Found a transporter.
  1918 | D:5      | Noticed Soel's ghost (novice GrEE)
  1920 | D:5      | Slain by a gnoll sergeant

Vanquished Creatures
  Sigmund (D:2)
  Edmund (D:4)
  A water moccasin (D:5)
  Blork the orc (D:4)
  A water moccasin skeleton (D:3)
  An orc priest (D:4)
  3 orc wizards (D:4)
  A scorpion zombie (D:5)
  3 gnolls (D:5)
  An adder (D:3)
  A worm (D:2)
  2 dart slugs (D:4)
  12 orcs
  5 ball pythons
  6 endoplasms
  5 giant cockroaches
  8 goblins
  6 hobgoblins
  6 jackals
  3 quokkas
  3 bats
  6 frilled lizards
  5 kobolds
  9 rats
91 creatures vanquished.

Table legend: (Time is in decaauts)
 A = Elapsed time spent in this place.
 B = Non-inter-level travel time spent in this place.
 C = Inter-level travel time spent in this place.
 D = Time resting spent in this place.
 E = Time spent auto-exploring this place.
 F = Levels seen in this place.
 G = Mean time per level.
                   A        B        C        D        E       F      G
               +--------+--------+--------+--------+--------+-----+--------+
         Total |   1929 |   1929 |      0 |      0 |     58 |   5 |  385.8 |
       Dungeon |   1929 |   1929 |      0 |      0 |     58 |   5 |  385.8 |
               +--------+--------+--------+--------+--------+-----+--------+

Top non-repeatable levels by time:
     D:1: 515 daAuts
     D:4: 510 daAuts
     D:2: 363 daAuts
     D:3: 362 daAuts
     D:5: 176 daAuts

Table legend:
 A = Non-vault XP
 B = Vault XP
 C = Vault XP percentage of total XP
 D = Non-vault monster count
 E = Vault monster count
 F = Vault count percentage of total count
                 A         B        C        D         E       F
            +---------+---------+-------+---------+---------+-------
      Total |     535 |     542 |  50.3 |      77 |      14 |  15.4
            +---------+---------+-------+---------+---------+-------
        D:1 |      31 |       6 |  16.2 |      21 |       4 |  16.0
        D:2 |      23 |     233 |  91.0 |      12 |       3 |  20.0
        D:3 |     108 |       4 |   3.6 |      15 |       2 |  11.8
        D:4 |     184 |     257 |  58.3 |      25 |       2 |   7.4
        D:5 |     189 |      42 |  18.2 |       4 |       3 |  42.9
            +---------+---------+-------+---------+---------+-------
